3L
CAPITAL DISTRICT RED KNIGHTS @ LAS VEGAS FLAMINGOS
08/02/2028
 
TOP OF THE 1ST
Capital District Red Knights batting - Pitching for Las Vegas Flamingos : RHP Melvin Haney
Pitching: RHP Melvin Haney
Batting: RHB Mario Álvarez 0-0: Called Strike
0-1: Ball
1-1: Swinging Strike
1-2: Ball
2-2: Strikes out swinging
Batting: LHB William O'Keefe 0-0: Ball
1-0: Called Strike
1-1: Foul Ball, location: 2F
1-2: Foul Ball, location: 2F
1-2: Ball
2-2: Foul Ball, location: 2F
2-2: Strikes out swinging
Batting: RHB Sergio Ortíz 0-0: Ball
1-0: Foul Ball, location: 2F
1-1: SOLO HOME RUN (Flyball, 9D), Distance : 387 ft
Batting: RHB Arnold Giroux 0-0: Ball
1-0: Swinging Strike
1-1: Foul Ball, location: 2F
1-2: Ground out 6-3 (Groundball, 6)
Top of the 1st over - 1 run(s), 1 hit(s), 0 error(s), 0 left on base; Capital District 1 - Las Vegas 0
BOTTOM OF THE 1ST
Las Vegas Flamingos batting - Pitching for Capital District Red Knights : RHP Raúl Luna
Pitching: RHP Raúl Luna
Batting: RHB Sake van Arem 0-0: Ball
1-0: Foul Ball, location: 2F
1-1: Foul Ball, location: 2F
1-2: Ball
2-2: Ground out 4-3 (Groundball, 4)
Batting: LHB Ruud van Ineveld 0-0: Called Strike
0-1: Called Strike
0-2: Ball
1-2: Foul Ball, location: 2F
1-2: Strikes out swinging
Batting: LHB Victor Adams 0-0: Swinging Strike
0-1: Swinging Strike
0-2: Ball
1-2: Ball
2-2: Ground out 3-1 (Groundball, 34)
Bottom of the 1st over - 0 run(s), 0 hit(s), 0 error(s), 0 left on base; Capital District 1 - Las Vegas 0
TOP OF THE 2ND
Capital District Red Knights batting - Pitching for Las Vegas Flamingos : RHP Melvin Haney
Batting: RHB Pedro Álvarez 0-0: Swinging Strike
0-1: Swinging Strike
0-2: Ball
1-2: Fly out, F8 (Flyball, 8RS)
Batting: LHB Francisco Sánchez 0-0: Ball
1-0: Ball
2-0: Foul Ball, location: 2F
2-1: Called Strike
2-2: Ball
3-2: Base on Balls
Batting: RHB José Paz 0-0: Called Strike
0-1: Called Strike
0-2: Strikes out looking
Batting: RHB Alfonso Enríquez 0-0: Ball
1-0: Called Strike
1-1: Ball
2-1: Ball
3-1: Base on Balls
Francisco Sánchez to second
Batting: RHB Randy Tucker 0-0: Called Strike
0-1: Foul Ball, location: 2F
0-2: Strikes out swinging
Top of the 2nd over - 0 run(s), 0 hit(s), 0 error(s), 2 left on base; Capital District 1 - Las Vegas 0
BOTTOM OF THE 2ND
Las Vegas Flamingos batting - Pitching for Capital District Red Knights : RHP Raúl Luna
Batting: LHB Chris McKinney 0-0: Foul Ball, location: 2F
0-1: Called Strike
0-2: Strikes out looking
Batting: RHB Xavier Hernández 0-0: Ball
1-0: Swinging Strike
1-1: Foul Ball, location: 2F
1-2: Ball
2-2: Strikes out swinging
Batting: RHB Pepe Castroneves 0-0: Foul Ball, location: 2F
0-1: Called Strike
0-2: Foul Ball, location: 2F
0-2: Ball
1-2: Strikes out swinging
Bottom of the 2nd over - 0 run(s), 0 hit(s), 0 error(s), 0 left on base; Capital District 1 - Las Vegas 0
TOP OF THE 3RD
Capital District Red Knights batting - Pitching for Las Vegas Flamingos : RHP Melvin Haney
Batting: RHB Mario Álvarez 0-0: SINGLE (Line Drive, 9S)
Batting: LHB William O'Keefe 0-0: Ball
Mario Álvarez is caught stealing 2nd base
1-0: Foul Ball, location: 2F
1-1: Called Strike
1-2: SINGLE (Line Drive, 34D)
Batting: RHB Sergio Ortíz 0-0: Grounds into double play, 5-4-3 (Groundball, 5)
Top of the 3rd over - 0 run(s), 2 hit(s), 0 error(s), 0 left on base; Capital District 1 - Las Vegas 0
BOTTOM OF THE 3RD
Las Vegas Flamingos batting - Pitching for Capital District Red Knights : RHP Raúl Luna
Batting: RHB Rubén Campos 0-0: Ball
1-0: Swinging Strike
1-1: Called Strike
1-2: Strikes out swinging, 2-3 out at first.
Batting: RHB Jeff Young 0-0: Ball
1-0: Hit by Pitch
Batting: LHB Job Pels 0-0: Ball
1-0: Swinging Strike
1-1: Ball
2-1: Foul Ball, location: 2F
2-2: Strikes out looking
Batting: RHB Sake van Arem 0-0: Called Strike
0-1: Ball
1-1: Ball
2-1: Ball
3-1: Base on Balls
Jeff Young to second
Batting: LHB Ruud van Ineveld 0-0: Ground out U3 (Groundball, 34)
Bottom of the 3rd over - 0 run(s), 0 hit(s), 0 error(s), 2 left on base; Capital District 1 - Las Vegas 0
TOP OF THE 4TH
Capital District Red Knights batting - Pitching for Las Vegas Flamingos : RHP Melvin Haney
Batting: RHB Arnold Giroux 0-0: Called Strike
0-1: Ball
1-1: Called Strike
1-2: SINGLE (Groundball, 6D)
Batting: RHB Pedro Álvarez 0-0: Called Strike
0-1: Ball
1-1: Ball
2-1: Called Strike
2-2: Strikes out swinging
Batting: LHB Francisco Sánchez 0-0: Ball
1-0: Foul Ball, location: 2F
1-1: Ball
2-1: Foul Ball, location: 2F
2-2: Ball
Arnold Giroux is caught stealing 2nd base
3-2: SINGLE (Groundball, 56D)
Batting: RHB José Paz 0-0: Ball
1-0: Ball
2-0: Ball
3-0: Base on Balls
Francisco Sánchez to second
Batting: RHB Alfonso Enríquez 0-0: Called Strike
0-1: Ball
1-1: Called Strike
1-2: Strikes out looking
Top of the 4th over - 0 run(s), 2 hit(s), 0 error(s), 2 left on base; Capital District 1 - Las Vegas 0
BOTTOM OF THE 4TH
Las Vegas Flamingos batting - Pitching for Capital District Red Knights : RHP Raúl Luna
Batting: LHB Victor Adams 0-0: Ball
1-0: SOLO HOME RUN (Flyball, 9LD), Distance : 354 ft
Batting: LHB Chris McKinney 0-0: Called Strike
0-1: Ball
1-1: Swinging Strike
1-2: Fly out, F4 (Popup, 34D)
Batting: RHB Xavier Hernández 0-0: Swinging Strike
0-1: Swinging Strike
0-2: Strikes out looking
Batting: RHB Pepe Castroneves 0-0: Ball
1-0: Called Strike
1-1: Ball
2-1: Called Strike
2-2: Foul Ball, location: 2F
2-2: Ball
3-2: Base on Balls
Batting: RHB Rubén Campos 0-0: Swinging Strike
0-1: Ball
1-1: Ball
2-1: Foul Ball, location: 2F
2-2: Ball
3-2: Ground out 6-3 (Groundball, 6)
Bottom of the 4th over - 1 run(s), 1 hit(s), 0 error(s), 1 left on base; Capital District 1 - Las Vegas 1
TOP OF THE 5TH
Capital District Red Knights batting - Pitching for Las Vegas Flamingos : RHP Melvin Haney
Batting: RHB Randy Tucker 0-0: Bunted foul
0-1: Called Strike
0-2: Ball
1-2: Strikes out looking
Batting: RHB Mario Álvarez 0-0: Ball
1-0: Ball
2-0: Called Strike
2-1: Swinging Strike
2-2: Strikes out swinging
Batting: LHB William O'Keefe 0-0: Ball
1-0: Ground out 4-3 (Groundball, 34D)
Top of the 5th over - 0 run(s), 0 hit(s), 0 error(s), 0 left on base; Capital District 1 - Las Vegas 1
BOTTOM OF THE 5TH
Las Vegas Flamingos batting - Pitching for Capital District Red Knights : RHP Raúl Luna
Batting: RHB Jeff Young 0-0: Called Strike
0-1: Foul Ball, location: 2F
0-2: Ball
1-2: Foul Ball, location: 2F
1-2: Ball
2-2: Ball
3-2: Base on Balls
Batting: LHB Job Pels 0-0: Foul Ball, location: 2F
0-1: Foul Ball, location: 2F
0-2: SINGLE (Line Drive, 9S)
Jeff Young to second
Runner from 2nd tries for 3rd, OUT!
Job Pels to second
Batting: RHB Sake van Arem 0-0: Ball
1-0: Fly out, F7 (Flyball, 7)
Batting: LHB Ruud van Ineveld 0-0: Called Strike
0-1: Ball
1-1: Ball
2-1: Foul Ball, location: 2F
2-2: Fly out, F7 (Flyball, 7S)
Bottom of the 5th over - 0 run(s), 1 hit(s), 0 error(s), 1 left on base; Capital District 1 - Las Vegas 1
TOP OF THE 6TH
Capital District Red Knights batting - Pitching for Las Vegas Flamingos : RHP Melvin Haney
Batting: RHB Sergio Ortíz 0-0: Ball
1-0: Called Strike
1-1: SOLO HOME RUN (Flyball, 9LD), Distance : 365 ft
Batting: RHB Arnold Giroux 0-0: Called Strike
0-1: Called Strike
0-2: Ball
1-2: Ball
2-2: Strikes out swinging
Batting: RHB Pedro Álvarez 0-0: SINGLE (Groundball, 6MD)
Batting: LHB Francisco Sánchez 0-0: Called Strike
0-1: Ball
1-1: Foul Ball, location: 2F
1-2: Ball
2-2: Ball
Wild Pitch!
Pedro Álvarez to second
3-2: SINGLE (Groundball, 4D)
Pedro Álvarez to third
Runner from 3rd tries for Home, SAFE, throw made home
Francisco Sánchez to second
Batting: RHB José Paz 0-0: Foul Ball, location: 2F
0-1: Foul Ball, location: 2F
0-2: Fly out, F9 (Flyball, 9)
Batting: RHB Alfonso Enríquez 0-0: Foul Ball, location: 2F
0-1: Ball
1-1: Ground out 5-3 (Groundball, 5S)
Top of the 6th over - 2 run(s), 3 hit(s), 0 error(s), 1 left on base; Capital District 3 - Las Vegas 1
BOTTOM OF THE 6TH
Las Vegas Flamingos batting - Pitching for Capital District Red Knights : RHP Raúl Luna
Batting: LHB Victor Adams 0-0: Fly out, F8 (Line Drive, 8RM)
Batting: LHB Chris McKinney 0-0: Called Strike
0-1: Swinging Strike
0-2: Ball
1-2: Ball
2-2: Strikes out looking
Batting: RHB Xavier Hernández 0-0: Ball
1-0: Called Strike
1-1: Called Strike
1-2: Foul Ball, location: 2F
1-2: Foul Ball, location: 2F
1-2: Ball
2-2: Ball
3-2: Strikes out swinging
Bottom of the 6th over - 0 run(s), 0 hit(s), 0 error(s), 0 left on base; Capital District 3 - Las Vegas 1
TOP OF THE 7TH
Capital District Red Knights batting - Pitching for Las Vegas Flamingos : RHP Melvin Haney
Pitching: RHP Enrique García
Batting: RHB Randy Tucker 0-0: Ball
1-0: Foul Ball, location: 2F
1-1: Called Strike
1-2: Foul Ball, location: 2F
1-2: Foul Ball, location: 2F
1-2: Ball
2-2: Ground out 6-3 (Groundball, 6)
Batting: RHB Mario Álvarez 0-0: Ball
1-0: SINGLE (Groundball, 56D)
Batting: LHB William O'Keefe 0-0: Ball
1-0: Ball
2-0: Ball
3-0: Base on Balls
Mario Álvarez to second
Batting: RHB Sergio Ortíz 0-0: Ball
1-0: Ball
Mario Álvarez steals 3rd base
William O'Keefe to second
2-0: Ball
3-0: Base on Balls
Batting: RHB Arnold Giroux 0-0: Ball
1-0: Ball
2-0: Called Strike
2-1: Called Strike
2-2: Strikes out swinging
Batting: RHB Pedro Álvarez 0-0: Called Strike
0-1: Called Strike
0-2: Ball
1-2: Foul Ball, location: 2F
1-2: Ball
2-2: Foul Ball, location: 2F
2-2: Ball
3-2: Base on Balls
Mario Álvarez scores
William O'Keefe to third
Sergio Ortíz to second
Batting: LHB Francisco Sánchez 0-0: Ball
1-0: SINGLE (Line Drive, 8LS)
William O'Keefe scores
Sergio Ortíz to third
Pedro Álvarez to second
Runner from 3rd tries for Home, SAFE, no throw
Pitching: RHP Archibald Bridgestone
Batting: RHB José Paz 0-0: Called Strike
0-1: Ball
1-1: Ball
2-1: Swinging Strike
2-2: Strikes out swinging
Top of the 7th over - 3 run(s), 2 hit(s), 0 error(s), 2 left on base; Capital District 6 - Las Vegas 1
BOTTOM OF THE 7TH
Las Vegas Flamingos batting - Pitching for Capital District Red Knights : RHP Raúl Luna
Batting: RHB Pepe Castroneves 0-0: Called Strike
0-1: Ball
1-1: SOLO HOME RUN (Flyball, 89XD), Distance : 429 ft
Pitching: RHP Luis Hernández
Batting: RHB Rubén Campos 0-0: Foul Ball, location: 2F
0-1: Swinging Strike
0-2: Ball
1-2: Ball
2-2: SINGLE (Groundball, 6MS) (infield hit)
Batting: RHB Jeff Young 0-0: Called Strike
0-1: Ball
1-1: Ball
Rubén Campos steals 2nd base
2-1: Swinging Strike
2-2: Fly out, F9 (Flyball, 9LM)
Batting: LHB Job Pels 0-0: Called Strike
0-1: Foul Ball, location: 2F
0-2: Ground out 6-3 (Groundball, 6)
Batting: RHB Sake van Arem 0-0: Ball
1-0: Ground out 5-3 (Groundball, 56S)
Bottom of the 7th over - 1 run(s), 2 hit(s), 0 error(s), 1 left on base; Capital District 6 - Las Vegas 2
TOP OF THE 8TH
Capital District Red Knights batting - Pitching for Las Vegas Flamingos : RHP Archibald Bridgestone
Batting: RHB Alfonso Enríquez 0-0: Called Strike
0-1: Swinging Strike
0-2: Foul Ball, location: 2F
0-2: Ball
1-2: Ground out 5-3 (Groundball, 5L)
Batting: RHB Randy Tucker 0-0: Ground out 5-3 (Groundball, 56)
Batting: RHB Mario Álvarez 0-0: Ball
1-0: Ball
2-0: Swinging Strike
2-1: SINGLE (Line Drive, 7LS)
Batting: LHB William O'Keefe 0-0: Ground out 1-3 (Groundball, 13)
Top of the 8th over - 0 run(s), 1 hit(s), 0 error(s), 1 left on base; Capital District 6 - Las Vegas 2
BOTTOM OF THE 8TH
Las Vegas Flamingos batting - Pitching for Capital District Red Knights : RHP Luis Hernández
Batting: LHB Ruud van Ineveld 0-0: Ball
1-0: Ball
2-0: Ball
3-0: Called Strike
3-1: Base on Balls
Batting: LHB Victor Adams 0-0: SINGLE (Groundball, 34D)
Ruud van Ineveld to second
Throwing error, E9
Ruud van Ineveld scores
Victor Adams to second
Batting: LHB Chris McKinney 0-0: Foul Ball, location: 2F
0-1: Called Strike
0-2: Strikes out looking
Pitching: RHP Oswaldo Mobray
Batting: RHB Xavier Hernández 0-0: Called Strike
0-1: Foul Ball, location: 2F
0-2: Strikes out swinging
Batting: RHB Pepe Castroneves 0-0: Ball
1-0: Swinging Strike
1-1: Ground out 5-3 (Groundball, 56)
Bottom of the 8th over - 1 run(s), 1 hit(s), 1 error(s), 1 left on base; Capital District 6 - Las Vegas 3
TOP OF THE 9TH
Capital District Red Knights batting - Pitching for Las Vegas Flamingos : RHP Archibald Bridgestone
Batting: RHB Sergio Ortíz 0-0: Swinging Strike
0-1: Ball
1-1: Swinging Strike
1-2: Foul Ball, location: 2F
1-2: Foul Ball, location: 2F
1-2: Foul Ball, location: 2F
1-2: Ball
2-2: Foul Ball, location: 2F
2-2: Ball
3-2: Base on Balls
Batting: RHB Arnold Giroux 0-0: Ball
1-0: Ball
2-0: Foul Ball, location: 2F
2-1: Fly out, F8 (Flyball, 8LS)
Batting: RHB Pedro Álvarez 0-0: Called Strike
0-1: Grounds into double play, 5-4-3 (Groundball, 5)
Top of the 9th over - 0 run(s), 0 hit(s), 0 error(s), 0 left on base; Capital District 6 - Las Vegas 3
BOTTOM OF THE 9TH
Las Vegas Flamingos batting - Pitching for Capital District Red Knights : RHP Oswaldo Mobray
Pitching: LHP Miguel Toro
Batting: RHB Rubén Campos 0-0: SINGLE (Groundball, 34D)
Batting: RHB Jeff Young 0-0: Foul Ball, location: 2F
0-1: Called Strike
0-2: Strikes out looking
Batting: LHB Job Pels 0-0: Ball
1-0: Foul Ball, location: 2F
1-1: Ball
2-1: Swinging Strike
2-2: Foul Ball, location: 2F
2-2: Strikes out swinging
Batting: RHB Sake van Arem 0-0: Ground out 6-3 (Groundball, 6S)
Bottom of the 9th over - 0 run(s), 1 hit(s), 0 error(s), 1 left on base; Capital District 6 - Las Vegas 3
Tuesday, August 22nd, 2017 - OOTP Baseball 17.12 Build 75